 Dungeon Sprint DCSS version 0.17-a0-1719-g1afd5a1 (webtiles) character file.

23 Kidiri the Chopper (level 2, -6/26 HPs)
             Began as a Minotaur Gladiator on Aug 28, 2015.
             Was an Initiate of Okawaru.
             Mangled by an ice beast (12 damage)
             ... in the Dungeon (Sprint VII: "The Pits").
             The game lasted 00:01:51 (340 turns).

Kidiri the Chopper (Minotaur Gladiator)              Turns: 340, Time: 00:01:52

Health: -6/26      AC:  9    Str: 19    XL:     2   Next: 75%
Magic:  2/2        EV:  8    Int:  5    God:    Okawaru [......]
Gold:   0          SH:  0    Dex: 10    Spells: 0 memorised, 1 level left

rFire  . . .     SeeInvis .     a - +0 war axe
rCold  . . .     Clarity  .     s - +0 chain mail (curse)
rNeg   . . .     SustAt   .     (no shield)
rPois  .         Gourm    .     c - +0 hat
rElec  .         Spirit   .     (no cloak)
rCorr  .         Warding  .     (no gloves)
rMut   .         NoTele   +     (no boots)
MR     .....                    (no amulet)
Stlth  ..........               (no ring)
                                (no ring)

@: not resistant to hostile enchantments, extremely unstealthy
A: retaliatory headbutt, horns 2
a: Renounce Religion


You were in the Dungeon.
You worshipped Okawaru.
Okawaru was noncommittal.
You were not hungry.

You visited 1 branch

Inventory:

Hand weapons
 a - a +0 war axe (weapon)
 l - a +2 hand axe
Missiles
 d - 3 throwing nets (quivered)
Armour
 c - a +0 hat (worn)
 s - a cursed +0 chain mail (worn)
Scrolls
 k - a scroll of blinking
 p - 3 scrolls of remove curse
 q - 5 scrolls of amnesia
 r - a scroll of summoning
Potions
 f - a potion of curing
 h - a potion of haste
 i - 4 potions of magic
 j - 3 potions of berserk rage
 o - 2 potions of invisibility
Comestibles
 e - 8 bread rations
 m - 40 fruits
 n - 7 meat rations


   Skills:
 + Level 3.3 Fighting
 * Level 4.7 Axes
 + Level 2.5 Throwing
 * Level 2.9 Armour
 * Level 4.4 Dodging
 + Level 1.4 Invocations


You had one spell level left.
You didn't know any spells.

Dungeon Overview and Level Annotations

Branches:
Dungeon (1/1)

Altars:
Ashenzari
Cheibriados
Dithmenos
Elyvilon
Fedhas
Gozag
Kikubaaqudgha
Makhleb
Nemelex Xobeh
Okawaru
Qazlal
Ru
Sif Muna
Trog
Vehumet
Xom
Yredelemnul
Zin
The Shining One
Beogh
Jiyva
Lugonu


Innate Abilities, Weirdness & Mutations

You reflexively headbutt those who attack you in melee.
You have a pair of horns on your head.


Message History

The ice beast hits you. The ice beast freezes you!
* * * LOW HITPOINT WARNING * * *
Drink which item? (? for menu, Esc to quit)
You feel much better. The ice beast hits you. The ice beast freezes you!
There is an open door here.
Wield which item (- for none, * to show all)? (? for menu, Esc to quit)
a - a +0 war axe (weapon)
The ice beast barely misses you. You furiously retaliate!
You headbutt the ice beast. You hit the ice beast.
The ice beast is severely wounded.
The ice beast misses you.
Unknown command.
You closely miss the ice beast. Your headbutt misses the ice beast.
The ice beast is severely wounded.
The ice beast hits you but does no damage.
The ice beast hits you.
* * * LOW HITPOINT WARNING * * *
The ice beast freezes you!
You die...

#__________#
#__________#
#.#####+##############++
#_#.))+.+..##...........
#_#)))#.#?(##......#..#.
#######+#####...........
#..........%'...........
#+#####'#####......#..#.
#..#...@.##...........
#..#...#Y#####+#####++
#..#####o##.......#
#..(.o.#o##.......#
#..'..o'.##.......#
#..########...<...# #..
#.......# #.. #.......#
### #.......#


You could see an ice beast and 2 orcs.

Vanquished Creatures
  A river rat (D)
  A gnoll (D)
  An orc (D)
  A giant newt (D)
  A kobold (D)
5 creatures vanquished.

Notes
Turn   | Place    | Note
--------------------------------------------------------------
     0 | D        | Kidiri the Minotaur Gladiator began the quest for the Orb.
     0 | D        | Reached XP level 1. HP: 18/18 MP: 0/0
    52 | D        | Found a sacrificial altar of Ru.
    52 | D        | Found a basalt altar of Yredelemnul.
    52 | D        | Found a shadowy altar of Dithmenos.
    52 | D        | Found a deep blue altar of Sif Muna.
    52 | D        | Found a burning altar of Makhleb.
    52 | D        | Found a shimmering altar of Xom.
    52 | D        | Found an ancient bone altar of Kikubaaqudgha.
    52 | D        | Found a sparkling altar of Nemelex Xobeh.
    53 | D        | Found a glowing golden altar of the Shining One.
    53 | D        | Found a bloodstained altar of Trog.
    53 | D        | Found a shattered altar of Ashenzari.
    53 | D        | Found a white marble altar of Elyvilon.
    53 | D        | Found a snail-covered altar of Cheibriados.
    53 | D        | Found a blossoming altar of Fedhas.
    53 | D        | Found a radiant altar of Vehumet.
    53 | D        | Found a glowing silver altar of Zin.
    53 | D        | Found a corrupted altar of Lugonu.
    53 | D        | Found a viscous altar of Jiyva.
    53 | D        | Found a roughly hewn altar of Beogh.
    53 | D        | Found an iron altar of Okawaru.
    59 | D        | Found a stormy altar of Qazlal.
    60 | D        | Found an opulent altar of Gozag.
    62 | D        | Became a worshipper of Warmaster Okawaru
    83 | D        | Reached skill level 4 in Axes
    83 | D        | Reached skill level 1 in Invocations
    83 | D        | Reached XP level 2. HP: 12/25 MP: 1/1
   323 | D        | Noticed an ice beast
   340 | D        | Mangled by an ice beast

Vault maps used:
D:        pitsprint

Action                   || total
-------------------------++-------
Melee: Hand axe          ||    14
       War axe           ||     3
  Use: Potion            ||     1
